[Event "FIDE World Junior U20-ch Girls 2025"]
[Site "Petrovac"]
[Date "2025.02.25"]
[Round "1.21"]
[White "Kaliakhmet, Elnaz"]
[Black "Imomkuzieva, Nilufarkhon"]
[Result "1/2-1/2"]
[Annotator "ChessBase"]
[ECO "D85"]
[WhiteElo "2242"]
[BlackElo "1983"]
[PlyCount "103"]
[EventDate "2025.02.23"]
[EventType "swiss"]
[EventCountry "MNE"]
[SourceTitle "playchess.com"]
[Source "ChessBase"]
[SourceQuality "1"]
[TimeControl "40/5400+30:1800+30"]

1. d4 Nf6 2. c4 g6 3. Nc3 d5 4. cxd5 Nxd5 5. e4 Nxc3 6. bxc3 Bg7 7. Nf3 c5 8. Bb5+ Nc6 9. O-O a6 10. Bxc6+ bxc6 11. Qc2 O-O 12. Ba3 cxd4 13. cxd4 Qc7 14. Qc5 Re8 15. Rac1 Qf4 16. Rfe1 Bh3 17. Re3 Bd7 18. Ne5 Bxe5 19. dxe5 Rab8 20. Qd4 Be6 21. Rf3 c5 22. Qxc5 Qxe4 23. Re3 Qb7 24. Qa5 Bxa2 25. h3 Bd5 26. Rc7 Qb5 27. Qc3 Qb1+ 28. Re1 Qb3 29. Qxb3 Bxb3 30. Bxe7 a5 31. Rec1 a4 32. Ra7 h6 33. Bd6 Ra8 34. Rcc7 Bd5 35. Kh2 g5 36. Rd7 Kg7 37. Bc5 Be6 38. Rdc7 Kg6 39. Kg3 Bd5 40. Bd6 Kf5 41. f3 Rxa7 42. Rxa7 Ra8 43. Rxa8 Bxa8 44. Kf2 Ke6 45. Ke3 f6 46. Kd4 fxe5+ 47. Bxe5 a3 48. Bg7 a2 49. Ke3 Bc6 50. g3 Kf7 51. Bh8 Bd7 52. h4 1/2-1/2

[Event "FIDE World Junior U20-ch Girls 2025"]
[Site "Petrovac"]
[Date "2025.02.25"]
[Round "1.22"]
[White "Braeutigam, Katerina"]
[Black "Mikheeva, Galina"]
[Result "0-1"]
[Annotator "ChessBase"]
[ECO "D00"]
[WhiteElo "1981"]
[BlackElo "2238"]
[PlyCount "98"]
[EventDate "2025.02.23"]
[EventType "swiss"]
[EventCountry "MNE"]
[SourceTitle "playchess.com"]
[Source "ChessBase"]
[SourceQuality "1"]
[TimeControl "40/5400+30:1800+30"]

1. d4 d5 2. Bf4 Nf6 3. e3 e6 4. Nf3 Bd6 5. Bd3 c5 6. dxc5 Bxc5 7. O-O O-O 8. c4 b6 9. Nc3 Bb7 10. a3 h6 11. cxd5 Nxd5 12. Nxd5 Qxd5 13. e4 Qd8 14. b4 Be7 15. Qe2 Nc6 16. Qe3 a5 17. e5 axb4 18. Bxh6 Ba6 19. Rfd1 Bxd3 20. Rxd3 Qc7 21. Bg5 Bc5 22. Qe4 Rxa3 23. Rdxa3 bxa3 24. Bf6 Ne7 25. Qg4 Ng6 26. h4 gxf6 27. h5 fxe5 28. hxg6 f5 29. Qh5 Qg7 30. Ra2 e4 31. Ne5 Qh8 32. Qxh8+ Kxh8 33. Nd7 Ra8 34. Nxc5 bxc5 35. Kf1 Kg7 36. Ke2 Kxg6 37. Kd2 Kf6 38. Kc3 Rg8 39. g3 e3 40. fxe3 Rxg3 41. Kc4 Rxe3 42. Kxc5 f4 43. Rf2 Kf5 44. Kd4 e5+ 45. Kd5 f3 46. Ra2 Kf4 47. Ke6 Kg3 48. Kf5 f2 49. Ra1 Kg2 0-1

[Event "FIDE World Junior U20-ch Girls 2025"]
[Site "Petrovac"]
[Date "2025.02.25"]
[Round "1.23"]
[White "Zhapova, Yana"]
[Black "Ostensson, Julia"]
[Result "1-0"]
[Annotator "ChessBase"]
[ECO "B41"]
[WhiteElo "2234"]
[BlackElo "1979"]
[PlyCount "63"]
[EventDate "2025.02.23"]
[EventType "swiss"]
[EventCountry "MNE"]
[SourceTitle "playchess.com"]
[Source "ChessBase"]
[SourceQuality "1"]
[TimeControl "40/5400+30:1800+30"]

1. e4 c5 2. Nf3 e6 3. d4 cxd4 4. Nxd4 a6 5. c4 Nf6 6. Nc3 Qc7 7. Be2 Bb4 8. Qd3 Nc6 9. Nxc6 bxc6 10. a3 Bd6 11. h3 Bb7 12. O-O O-O 13. Be3 Bh2+ 14. Kh1 Bf4 15. Bd4 c5 16. Bxf6 gxf6 17. Bg4 Kh8 18. Ne2 Bc6 19. Rab1 a5 20. Qf3 Be5 21. Qe3 Rab8 22. b3 Bd6 23. a4 Rg8 24. f4 f5 25. Qc3+ Rg7 26. exf5 exf5 27. Bf3 Re8 28. Rbe1 Re6 29. Bd5 Bxd5 30. cxd5 Re4 31. Ng3 Rxe1 32. Rxe1 1-0

[Event "FIDE World Junior U20-ch Girls 2025"]
[Site "Petrovac"]
[Date "2025.02.25"]
[Round "1.24"]
[White "Petricenco, Ana"]
[Black "Omonova, Umida"]
[Result "0-1"]
[Annotator "ChessBase"]
[ECO "B40"]
[WhiteElo "1973"]
[BlackElo "2228"]
[PlyCount "102"]
[EventDate "2025.02.23"]
[EventType "swiss"]
[EventCountry "MNE"]
[SourceTitle "playchess.com"]
[Source "ChessBase"]
[SourceQuality "1"]
[TimeControl "40/5400+30:1800+30"]

1. e4 c5 2. Nf3 e6 3. d4 cxd4 4. Nxd4 Nf6 5. Bd3 Nc6 6. Nxc6 bxc6 7. O-O d5 8. Nd2 Be7 9. Re1 O-O 10. e5 Nd7 11. c3 f5 12. exf6 Nxf6 13. Nf3 Qc7 14. Qe2 Bd6 15. Ne5 Rb8 16. b3 c5 17. Bg5 Bb7 18. Bh4 Kh8 19. Bg3 Rbe8 20. Rad1 Kg8 21. Rc1 g6 22. Qd2 Nh5 23. Qg5 Qg7 24. Rc2 Nxg3 25. hxg3 Be7 26. Qe3 Bf6 27. Bb5 Rd8 28. Ng4 Rd6 29. Nxf6+ Qxf6 30. Qxc5 Rb6 31. Bd3 e5 32. Qe3 e4 33. Be2 a6 34. Rd1 Rd6 35. Rd4 Qe5 36. Bf1 g5 37. c4 g4 38. cxd5 Qh5 39. Qxe4 Bc8 40. Bc4 Re8 41. Qf4 Rh6 42. d6+ Kg7 43. Qxh6+ Kxh6 44. d7 Re1+ 45. Bf1 Bxd7 46. Rd6+ Be6 47. Rcc6 Qf5 48. b4 Kg7 49. Rc7+ Kf6 50. Rc4 Rxf1+ 51. Kxf1 Qb1+ 0-1

[Event "FIDE World Junior U20-ch Girls 2025"]
[Site "Petrovac"]
[Date "2025.02.25"]
[Round "1.25"]
[White "Wang, Chuqiao"]
[Black "Hernandez Diaz, Paula Sofia"]
[Result "1-0"]
[Annotator "RC"]
[ECO "E17"]
[WhiteElo "2227"]
[BlackElo "1972"]
[PlyCount "47"]
[EventDate "2025.02.23"]
[EventType "swiss"]
[EventCountry "MNE"]
[SourceTitle "playchess.com"]
[Source "ChessBase"]
[SourceQuality "1"]
[TimeControl "40/5400+30:1800+30"]

1. d4 Nf6 2. c4 e6 3. Nf3 b6 4. g3 Bb7 5. Bg2 Be7 6. O-O O-O 7. Re1 d5 8. cxd5 exd5 9. Nc3 Nbd7 10. Bf4 c5 11. Rc1 cxd4 12. Nxd4 Ne4 13. Nxe4 dxe4 14. Rc7 Rb8 15. Nf5 Bc8 16. Nxe7+ Qxe7 17. Bd6 Qe6 18. Bxf8 Kxf8 19. Qd4 Nf6 20. Qd8+ Ne8 21. Rec1 Qd6 22. Qxd6+ Nxd6 23. Rd1 Rb7 24. Rc6 1-0

[Event "FIDE World Junior U20-ch Girls 2025"]
[Site "Petrovac"]
[Date "2025.02.25"]
[Round "1.26"]
[White "Liuviann, Cecilia Natalie"]
[Black "Mgeladze, Kesaria"]
[Result "0-1"]
[Annotator "RC"]
[ECO "B66"]
[WhiteElo "1964"]
[BlackElo "2219"]
[PlyCount "156"]
[EventDate "2025.02.23"]
[EventType "swiss"]
[EventCountry "MNE"]
[SourceTitle "playchess.com"]
[Source "ChessBase"]
[SourceQuality "1"]
[TimeControl "40/5400+30:1800+30"]

1. e4 c5 2. Nf3 d6 3. d4 cxd4 4. Nxd4 Nf6 5. Nc3 Nc6 6. Bg5 e6 7. Qd2 a6 8. Nxc6 bxc6 9. O-O-O Be7 10. Bxf6 gxf6 11. Bc4 Bb7 12. Bb3 Qa5 13. f4 O-O-O 14. Kb1 d5 15. exd5 cxd5 16. Qd3 Qc7 17. Rhf1 Bd6 18. f5 Be5 19. fxe6 fxe6 20. Qh3 Qb6 21. Na4 Qc6 22. c4 dxc4 23. Rc1 Kb8 24. Rxc4 Qxg2 25. Qxg2 Bxg2 26. Rfc1 Bd5 27. Rb4+ Ka7 28. Nc5 Bxb3 29. axb3 Rd2 30. Na4 Rb8 31. Rh4 Rb7 32. Rc6 Rd6 33. Rc8 Rd4 34. Rh3 Rd2 35. Rc6 Rd6 36. Rc8 Bd4 37. Rg3 a5 38. Ka2 f5 39. Rgg8 Ka6 40. Rgf8 Rdd7 41. Rce8 Re7 42. Rd8 Rbd7 43. Ra8+ Kb5 44. Rfb8+ Rb7 45. Rd8 Red7 46. Rf8 Rf7 47. Rfd8 e5 48. Nc3+ Bxc3 49. bxc3 f4 50. Rd5+ Kc6 51. Rxe5 f3 52. Ra6+ Kd7 53. Re1 f2 54. Rf1 Rf5 55. Kb2 Rb8 56. Ra7+ Kd6 57. Ra6+ Ke7 58. Ra7+ Kf6 59. Rd7 Rg8 60. Kc2 Rg2 61. Kd2 Rxh2 62. Ke2 h5 63. b4 axb4 64. cxb4 h4 65. Rd3 Kg5 66. Rf3 Re5+ 67. Kd3 Rb5 68. Kc4 Rf5 69. Rd3 Rg2 70. Rd8 h3 71. b5 Rg4+ 72. Kd3 h2 73. Rh8 Rg1 74. Rg8+ Kh6 75. Rh8+ Kg7 76. b6 Kxh8 77. b7 Rf8 78. Rxf2 Rd8+ 0-1

[Event "FIDE World Junior U20-ch Girls 2025"]
[Site "Petrovac"]
[Date "2025.02.25"]
[Round "1.27"]
[White "Kirtadze, Anastasia"]
[Black "Zito, Enrica"]
[Result "1-0"]
[Annotator "ChessBase"]
[ECO "B30"]
[WhiteElo "2218"]
[BlackElo "1941"]
[PlyCount "125"]
[EventDate "2025.02.23"]
[EventType "swiss"]
[EventCountry "MNE"]
[SourceTitle "playchess.com"]
[Source "ChessBase"]
[SourceQuality "1"]
[TimeControl "40/5400+30:1800+30"]

1. e4 c5 2. Nf3 Nc6 3. Bb5 e6 4. O-O Nge7 5. Re1 Nd4 6. Nxd4 cxd4 7. c3 a6 8. Bf1 Nc6 9. b4 Bd6 10. g3 h5 11. Na3 b5 12. Bg2 Rb8 13. Bb2 Ne5 14. Qe2 d3 15. Qe3 Bc7 16. c4 Ng4 17. Qxd3 h4 18. Qe2 Nxh2 19. Kxh2 hxg3+ 20. Kg1 gxf2+ 21. Qxf2 Bh2+ 22. Kf1 Qg5 23. Re3 bxc4 24. Nxc4 a5 25. b5 Rxb5 26. e5 Rxb2 27. Nxb2 Bxe5 28. Rb1 Bd4 29. Nc4 Bxe3 30. dxe3 O-O 31. Kg1 Ba6 32. Nd6 f5 33. Qf4 Qf6 34. Rb6 Be2 35. Qd4 Qh6 36. Rb2 Bg4 37. Qe5 Rf6 38. Rb8+ Kh7 39. Qh2 Bh5 40. Qf4 e5 41. Qxh6+ Kxh6 42. Nc4 f4 43. Nxe5 fxe3 44. Rb3 d6 45. Nc6 e2 46. Re3 Rf4 47. Nxa5 d5 48. Nb3 d4 49. Re6+ Kg5 50. Nc5 Kf5 51. Re7 g5 52. Nd3 Kf6 53. Re4 Bg6 54. Nxf4 gxf4 55. Rxe2 d3 56. Rd2 Ke5 57. a4 Kd4 58. a5 Ke3 59. Rf2 d2 60. Rxd2 Kxd2 61. a6 Bh5 62. a7 f3 63. a8=Q 1-0

[Event "FIDE World Junior U20-ch Girls 2025"]
[Site "Petrovac"]
[Date "2025.02.25"]
[Round "1.28"]
[White "Sovetbekova, Nurai"]
[Black "Orian, Noga"]
[Result "0-1"]
[Annotator "ChessBase"]
[ECO "E32"]
[WhiteElo "1940"]
[BlackElo "2210"]
[PlyCount "110"]
[EventDate "2025.02.23"]
[EventType "swiss"]
[EventCountry "MNE"]
[SourceTitle "playchess.com"]
[Source "ChessBase"]
[SourceQuality "1"]
[TimeControl "40/5400+30:1800+30"]

1. d4 Nf6 2. c4 e6 3. Nc3 Bb4 4. Qc2 d6 5. Bd2 O-O 6. Nf3 c5 7. e3 b6 8. a3 Bxc3 9. Bxc3 Bb7 10. Bd3 h6 11. e4 cxd4 12. Nxd4 Nbd7 13. O-O a6 14. f3 Rc8 15. b3 Ne5 16. Rfd1 Qc7 17. Rac1 Rfd8 18. Qe2 b5 19. cxb5 Qb6 20. Bb1 Ng6 21. bxa6 Bxa6 22. Qe3 e5 23. Nf5 Qxb3 24. Bb4 Qb2 25. Rxc8 Rxc8 26. Nxd6 Rc6 27. Qf2 Qb3 28. Qd2 Nf4 29. Ba2 Qc2 30. Nxf7 Qxd2 31. Bxd2 Ne2+ 32. Kf2 Rc2 33. Bb1 Rb2 34. Nxe5 Nc3 35. Rc1 Nxb1 36. Ke3 Nxd2 37. Rc7 Nf1+ 38. Kf4 Ne8 39. Ra7 Bc8 40. Ng6 Bb7 41. a4 Nd6 42. Ke5 Nc8 43. Ra5 Kf7 44. Nf4 Ne3 45. Rc5 Rc2 46. Kd4 Rxc5 47. Kxc5 g5 48. Nd3 Nxg2 49. a5 Nh4 50. f4 Bxe4 51. Ne5+ Ke6 52. Kd4 Bb7 53. fxg5 Nf5+ 54. Kc5 Kxe5 55. gxh6 Nxh6 0-1

[Event "FIDE World Junior U20-ch Girls 2025"]
[Site "Petrovac"]
[Date "2025.02.25"]
[Round "1.29"]
[White "Peglau, Charis"]
[Black "Seyilhanova, Gulmira"]
[Result "0-1"]
[Annotator "ChessBase"]
[ECO "E74"]
[WhiteElo "2203"]
[BlackElo "1939"]
[PlyCount "104"]
[EventDate "2025.02.23"]
[EventType "swiss"]
[EventCountry "MNE"]
[SourceTitle "playchess.com"]
[Source "ChessBase"]
[SourceQuality "1"]
[TimeControl "40/5400+30:1800+30"]

1. d4 Nf6 2. c4 g6 3. Nc3 Bg7 4. e4 d6 5. Be2 O-O 6. Bg5 c5 7. d5 Qa5 8. Qd2 a6 9. f3 Re8 10. g4 e6 11. h4 exd5 12. cxd5 Nbd7 13. h5 b5 14. hxg6 fxg6 15. Nh3 Ra7 16. Kf1 Ne5 17. Kg2 Rf7 18. Be3 b4 19. Nd1 Bd7 20. Ndf2 Bb5 21. Ng5 Rfe7 22. Ne6 Bxe2 23. Qxe2 Qb5 24. Qe1 Rf7 25. Rh3 Bh8 26. Rd1 Qa4 27. g5 Nfd7 28. f4 Nc4 29. b3 Nxe3+ 30. Qxe3 Qxa2 31. Rd2 Qa1 32. Ng4 Bg7 33. Qe2 Nf8 34. Ra2 Qb1 35. Nxg7 Rxe4 36. Qxa6 Kxg7 37. Nf6 Rxf4 38. Re2 Qf1+ 39. Kh2 Rf2+ 40. Rxf2 Qxa6 41. Ne8+ Kg8 42. Nf6+ Kh8 43. Re3 c4 44. bxc4 Qxc4 45. Kg3 b3 46. Rf4 Qc2 47. Rf1 b2 48. Ree1 Rb7 49. Ne8 Rb3+ 50. Kg4 Qg2+ 51. Kf4 Qg3+ 52. Ke4 Qe5# 0-1

[Event "FIDE World Junior U20-ch Girls 2025"]
[Site "Petrovac"]
[Date "2025.02.25"]
[Round "1.30"]
[White "Nguyen, Binh Vy"]
[Black "Khuslen, Erdenebayar"]
[Result "1-0"]
[Annotator "ChessBase"]
[ECO "B46"]
[WhiteElo "1926"]
[BlackElo "2201"]
[PlyCount "49"]
[EventDate "2025.02.23"]
[EventType "swiss"]
[EventCountry "MNE"]
[SourceTitle "playchess.com"]
[Source "ChessBase"]
[SourceQuality "1"]
[TimeControl "40/5400+30:1800+30"]

1. e4 c5 2. Nf3 e6 3. d4 cxd4 4. Nxd4 Nc6 5. Nc3 a6 6. Nxc6 bxc6 7. e5 Qc7 8. Bf4 Rb8 9. Bd3 Ne7 10. O-O Nd5 11. Nxd5 cxd5 12. b3 Be7 13. h3 O-O 14. Qg4 Re8 15. Rad1 a5 16. h4 Rb4 17. Rfe1 Qa7 18. c3 Rb8 19. Re3 Kh8 20. Rg3 g6 21. h5 Rg8 22. hxg6 fxg6 23. Rh3 Kg7 24. Rxh7+ Kf8 25. Bxg6 1-0

[Event "FIDE World Junior U20-ch Girls 2025"]
[Site "Petrovac"]
[Date "2025.02.25"]
[Round "1.31"]
[White "Yakimova, Mariya"]
[Black "Nguyen Thien Ngan"]
[Result "1-0"]
[Annotator "ChessBase"]
[ECO "D31"]
[WhiteElo "2201"]
[BlackElo "1923"]
[PlyCount "79"]
[EventDate "2025.02.23"]
[EventType "swiss"]
[EventCountry "MNE"]
[SourceTitle "playchess.com"]
[Source "ChessBase"]
[SourceQuality "1"]
[TimeControl "40/5400+30:1800+30"]

1. d4 d5 2. c4 e6 3. Nc3 Be7 4. Nf3 c6 5. e4 Nf6 6. e5 Ne4 7. Bd3 Nxc3 8. bxc3 b6 9. cxd5 cxd5 10. h4 h6 11. h5 Nc6 12. Rh3 Bb7 13. Rg3 Bf8 14. a4 Rc8 15. Ba3 Na5 16. Ng1 Bxa3 17. Rxa3 Qe7 18. Ra2 Kf8 19. Ne2 Qh4 20. Rh3 Qg5 21. Kf1 f5 22. exf6 gxf6 23. Kg1 Ke7 24. Rg3 Qxh5 25. Qc1 Rhg8 26. Nf4 Qf7 27. Bg6 Rxg6 28. Nxg6+ Kd7 29. Qxh6 Kc6 30. Nf4 Ba6 31. Rg7 Qf8 32. Nxe6 Qd6 33. Qxf6 Bc4 34. Ra1 a6 35. Re1 Nb7 36. Rxb7 Kxb7 37. Nc5+ Kc6 38. Re6 Rd8 39. Qxd8 Qxe6 40. Nxe6 1-0

[Event "FIDE World Junior U20-ch Girls 2025"]
[Site "Petrovac"]
[Date "2025.02.25"]
[Round "1.32"]
[White "Mickunaite, Agne"]
[Black "Pipiras, Filipa Fortuna"]
[Result "1/2-1/2"]
[Annotator "ChessBase"]
[ECO "A29"]
[WhiteElo "1918"]
[BlackElo "2200"]
[PlyCount "61"]
[EventDate "2025.02.23"]
[EventType "swiss"]
[EventCountry "MNE"]
[SourceTitle "playchess.com"]
[Source "ChessBase"]
[SourceQuality "1"]
[TimeControl "40/5400+30:1800+30"]

1. c4 e5 2. Nc3 Nf6 3. Nf3 Nc6 4. g3 Bb4 5. Bg2 O-O 6. O-O e4 7. Ng5 Bxc3 8. bxc3 Re8 9. d3 exd3 10. exd3 d6 11. Rb1 Bg4 12. f3 Bf5 13. Rxb7 d5 14. cxd5 Nxd5 15. Ne4 Nb6 16. f4 Bc8 17. Rxb6 axb6 18. Ng5 Qd7 19. Qh5 h6 20. Nxf7 Qxf7 21. Qxf7+ Kxf7 22. Bxc6 Rxa2 23. Bd5+ Be6 24. Bxa2 Bxa2 25. Kf2 Be6 26. Re1 Ra8 27. Ke3 c5 28. c4 Bd7 29. Bb2 Re8+ 30. Be5 g5 31. Rb1 1/2-1/2

[Event "FIDE World Junior U20-ch Girls 2025"]
[Site "Petrovac"]
[Date "2025.02.25"]
[Round "1.33"]
[White "Karimova, Guldona"]
[Black "Popovic, Mateja"]
[Result "1-0"]
[Annotator "ChessBase"]
[ECO "B76"]
[WhiteElo "2200"]
[BlackElo "1917"]
[PlyCount "59"]
[EventDate "2025.02.23"]
[EventType "swiss"]
[EventCountry "MNE"]
[SourceTitle "playchess.com"]
[Source "ChessBase"]
[SourceQuality "1"]
[TimeControl "40/5400+30:1800+30"]

1. e4 c5 2. Nf3 d6 3. d4 cxd4 4. Nxd4 Nf6 5. Nc3 g6 6. Be3 Bg7 7. f3 O-O 8. Qd2 Nc6 9. O-O-O a6 10. g4 Nxd4 11. Bxd4 b5 12. h4 b4 13. Nd5 Nxd5 14. exd5 Qa5 15. Bxg7 Kxg7 16. Kb1 Bb7 17. h5 e5 18. a3 Rac8 19. axb4 Qa4 20. Rh2 a5 21. b5 Qb4 22. c4 Qxd2 23. Rdxd2 f5 24. hxg6 hxg6 25. gxf5 Rxf5 26. Bh3 Rxf3 27. Bxc8 Bxc8 28. Rdf2 Bf5+ 29. Ka2 Rd3 30. b3 1-0

[Event "FIDE World Junior U20-ch Girls 2025"]
[Site "Petrovac"]
[Date "2025.02.25"]
[Round "1.35"]
[White "Karacsonyi, Kata"]
[Black "Avetisyan, Ani"]
[Result "1/2-1/2"]
[Annotator "ChessBase"]
[ECO "B44"]
[WhiteElo "2191"]
[BlackElo "1904"]
[PlyCount "84"]
[EventDate "2025.02.23"]
[EventType "swiss"]
[EventCountry "MNE"]
[SourceTitle "playchess.com"]
[Source "ChessBase"]
[SourceQuality "1"]
[TimeControl "40/5400+30:1800+30"]

1. e4 c5 2. Nf3 e6 3. d4 cxd4 4. Nxd4 Nc6 5. Bf4 d6 6. Nxc6 bxc6 7. Bd3 e5 8. Be3 Nf6 9. c4 Be7 10. O-O O-O 11. Nc3 Be6 12. Qf3 Ng4 13. Bc1 Bg5 14. h3 Bxc1 15. Raxc1 Nf6 16. Rfd1 Qe7 17. b4 Rab8 18. Rb1 Nd7 19. a4 a5 20. b5 cxb5 21. Rxb5 Rxb5 22. axb5 Nb6 23. Ra1 a4 24. Qd1 Ra8 25. Nxa4 Qa7 26. Bc2 Nxc4 27. b6 Nxb6 28. Nxb6 Qxa1 29. Nxa8 Qxa8 30. Qxd6 Qa1+ 31. Kh2 g6 32. f4 exf4 33. Qxf4 Qd4 34. Qf3 Bc4 35. Qd1 Qf2 36. Bb1 h5 37. Qf3 Qb2 38. Bd3 Bb3 39. Qg3 Bc2 40. Bxc2 Qxc2 41. Qb8+ Kh7 42. Qf4 Qc4 1/2-1/2

[Event "FIDE World Junior U20-ch Girls 2025"]
[Site "Petrovac"]
[Date "2025.02.25"]
[Round "1.36"]
[White "Xu, Luna Yuexiu"]
[Black "Abdinova, Narmin"]
[Result "0-1"]
[Annotator "ChessBase"]
[ECO "C47"]
[WhiteElo "1903"]
[BlackElo "2186"]
[PlyCount "74"]
[EventDate "2025.02.23"]
[EventType "swiss"]
[EventCountry "MNE"]
[SourceTitle "playchess.com"]
[Source "ChessBase"]
[SourceQuality "1"]
[TimeControl "40/5400+30:1800+30"]

1. e4 e5 2. Nf3 Nc6 3. Nc3 Nf6 4. d4 exd4 5. Nxd4 Bb4 6. Nxc6 bxc6 7. Bd3 d5 8. exd5 cxd5 9. O-O O-O 10. Bg5 c6 11. Qf3 Be7 12. Rae1 Rb8 13. Nd1 Be6 14. c3 h6 15. Bf4 Bd6 16. h3 c5 17. Be5 Re8 18. Qg3 Bxe5 19. Rxe5 Nd7 20. Re2 c4 21. Bb1 Nc5 22. Rfe1 d4 23. cxd4 Qxd4 24. Qe3 Qd6 25. Rd2 Qc6 26. Qc3 Red8 27. Rxd8+ Rxd8 28. Ne3 Qb5 29. Qc2 Nd3 30. Rd1 Rd6 31. Qc3 g6 32. b3 Nf4 33. Kh2 Rxd1 34. Nxd1 cxb3 35. axb3 Qf1 36. Qf3 Ne2 37. Qa8+ Kg7 0-1

[Event "FIDE World Junior U20-ch Girls 2025"]
[Site "Petrovac"]
[Date "2025.02.25"]
[Round "1.37"]
[White "Kanyamarala, Trisha"]
[Black "Morales Perez, Ghisell"]
[Result "1-0"]
[Annotator "ChessBase"]
[ECO "A57"]
[WhiteElo "2178"]
[BlackElo "1902"]
[PlyCount "61"]
[EventDate "2025.02.23"]
[EventType "swiss"]
[EventCountry "MNE"]
[SourceTitle "playchess.com"]
[Source "ChessBase"]
[SourceQuality "1"]
[TimeControl "40/5400+30:1800+30"]

1. d4 Nf6 2. c4 c5 3. d5 b5 4. cxb5 a6 5. b6 e6 6. Nc3 exd5 7. Nxd5 Nxd5 8. Qxd5 Nc6 9. Nf3 Rb8 10. Ne5 Qf6 11. Nxc6 dxc6 12. Qe4+ Be7 13. e3 Rxb6 14. Be2 Be6 15. O-O O-O 16. Qc2 Rd8 17. e4 Rb4 18. Bxa6 Ra8 19. Bd3 Rxa2 20. Rxa2 Bxa2 21. Qe2 Bd6 22. f4 Qd4+ 23. Kh1 c4 24. Bc2 Bc5 25. Rd1 Qf6 26. Qh5 Qe7 27. Qf5 g6 28. Qc8+ Kg7 29. Bd2 Rb7 30. Bc3+ f6 31. e5 1-0

[Event "FIDE World Junior U20-ch Girls 2025"]
[Site "Petrovac"]
[Date "2025.02.25"]
[Round "1.38"]
[White "Guo, Hanxi"]
[Black "Bochnickova, Simona"]
[Result "1-0"]
[Annotator "ChessBase"]
[ECO "B92"]
[WhiteElo "1854"]
[BlackElo "2171"]
[PlyCount "107"]
[EventDate "2025.02.23"]
[EventType "swiss"]
[EventCountry "MNE"]
[SourceTitle "playchess.com"]
[Source "ChessBase"]
[SourceQuality "1"]
[TimeControl "40/5400+30:1800+30"]

1. e4 c5 2. Nf3 d6 3. d4 cxd4 4. Nxd4 Nf6 5. Nc3 a6 6. Be2 e5 7. Nb3 Be7 8. Be3 Be6 9. Nd5 Nxd5 10. exd5 Bf5 11. c4 Nd7 12. O-O O-O 13. f4 exf4 14. Bxf4 Bg6 15. Qd2 Re8 16. Kh1 Rc8 17. Rac1 Ne5 18. c5 Bf6 19. c6 bxc6 20. dxc6 Rxc6 21. Rxc6 Nxc6 22. Bxa6 Qa8 23. Bc4 Qa4 24. Qd5 Re4 25. Nd2 Rd4 26. Qb5 Qxb5 27. Bxb5 Ne5 28. a4 Nd3 29. Be3 Rb4 30. b3 d5 31. Bc6 d4 32. Bg1 Nc5 33. a5 Bd3 34. Re1 g6 35. Bd5 Kg7 36. Rc1 Be7 37. Bc4 Bf6 38. Bxd3 Nxd3 39. Rc4 Rxc4 40. bxc4 Nb4 41. Nb3 Nc6 42. a6 d3 43. a7 Nxa7 44. Bxa7 Bg5 45. Bd4+ Kf8 46. Bc3 Be3 47. Bd2 Ba7 48. Nc1 Ke7 49. Nxd3 Ke6 50. g4 h5 51. gxh5 gxh5 52. Kg2 Bd4 53. Kf3 Ba7 54. h3 1-0

[Event "FIDE World Junior U20-ch Girls 2025"]
[Site "Petrovac"]
[Date "2025.02.25"]
[Round "1.39"]
[White "Smietanska, Wiktoria"]
[Black "Djendjinovic, Ines"]
[Result "1-0"]
[Annotator "ChessBase"]
[ECO "B90"]
[WhiteElo "2170"]
[BlackElo "1841"]
[PlyCount "51"]
[EventDate "2025.02.23"]
[EventType "swiss"]
[EventCountry "MNE"]
[SourceTitle "playchess.com"]
[Source "ChessBase"]
[SourceQuality "1"]
[TimeControl "40/5400+30:1800+30"]

1. e4 c5 2. Nf3 d6 3. d4 cxd4 4. Nxd4 Nf6 5. Nc3 a6 6. h3 e6 7. g4 Be7 8. Bg2 Qc7 9. Be3 h6 10. Qe2 Nc6 11. O-O-O Bd7 12. f4 b5 13. e5 dxe5 14. fxe5 Nh7 15. h4 Nxd4 16. Bxd4 Bc6 17. Bxc6+ Qxc6 18. Ne4 Rc8 19. g5 Qc4 20. Qxc4 Rxc4 21. gxh6 gxh6 22. Rhg1 Rc6 23. Nd6+ Kf8 24. Be3 Bxd6 25. exd6 Nf6 26. Bd4 1-0

[Event "FIDE World Junior U20-ch Girls 2025"]
[Site "Petrovac"]
[Date "2025.02.25"]
[Round "1.40"]
[White "Blauhut, Anna"]
[Black "Wang, Qinxuanyi"]
[Result "0-1"]
[Annotator "RC"]
[ECO "C00"]
[WhiteElo "1837"]
[BlackElo "2165"]
[PlyCount "46"]
[EventDate "2025.02.23"]
[EventType "swiss"]
[EventCountry "MNE"]
[SourceTitle "playchess.com"]
[Source "ChessBase"]
[SourceQuality "1"]
[TimeControl "40/5400+30:1800+30"]

1. e4 e6 2. b3 d5 3. Bb2 Nc6 4. Qe2 dxe4 5. Nc3 Nd4 6. Qd1 f5 7. f3 exf3 8. Nxf3 Nf6 9. Nxd4 Qxd4 10. Qe2 Qg4 11. Qb5+ c6 12. Qe5 Bd7 13. h3 Qh4+ 14. g3 Qb4 15. Bc4 Bd6 16. Qe3 Qb6 17. Qxb6 axb6 18. O-O-O b5 19. Bd3 Kf7 20. g4 Rhf8 21. Rhf1 g6 22. g5 Nd5 23. Ne4 Be7 0-1

[Event "FIDE World Junior U20-ch Girls 2025"]
[Site "Petrovac"]
[Date "2025.02.25"]
[Round "1.41"]
[White "Yildiz, Elif Zeren"]
[Black "Djukic, Katarina"]
[Result "1-0"]
[Annotator "RC"]
[ECO "B76"]
[WhiteElo "2160"]
[BlackElo "1786"]
[PlyCount "45"]
[EventDate "2025.02.23"]
[EventType "swiss"]
[EventCountry "MNE"]
[SourceTitle "playchess.com"]
[Source "ChessBase"]
[SourceQuality "1"]
[TimeControl "40/5400+30:1800+30"]

1. e4 c5 2. Nf3 d6 3. d4 cxd4 4. Nxd4 Nf6 5. Nc3 g6 6. f3 Bg7 7. Be3 O-O 8. Qd2 Nc6 9. O-O-O d5 10. Nxc6 bxc6 11. Bh6 Bxh6 12. Qxh6 e5 13. exd5 cxd5 14. h4 d4 15. h5 Be6 16. hxg6 fxg6 17. Ne4 Qc7 18. Bd3 Bf5 19. Qh4 Bxe4 20. Bxe4 Nxe4 21. Qxe4 Qc4 22. Rh6 Rac8 23. Rxg6+ 1-0

[Event "FIDE World Junior U20-ch Girls 2025"]
[Site "Petrovac"]
[Date "2025.02.25"]
[Round "1.42"]
[White "Kaloki, Zuri"]
[Black "Cornileau, Juliette"]
[Result "0-1"]
[Annotator "ChessBase"]
[ECO "B22"]
[WhiteElo "1784"]
[BlackElo "2144"]
[PlyCount "102"]
[EventDate "2025.02.23"]
[EventType "swiss"]
[EventCountry "MNE"]
[SourceTitle "playchess.com"]
[Source "ChessBase"]
[SourceQuality "1"]
[TimeControl "40/5400+30:1800+30"]

1. e4 c5 2. c3 d5 3. exd5 Qxd5 4. d4 Nf6 5. Nf3 Bg4 6. Be2 e6 7. Na3 cxd4 8. Nb5 Na6 9. Qa4 Nd7 10. Qxa6 bxa6 11. Nc7+ Kd8 12. Nxd5 exd5 13. Nxd4 Bxe2 14. Kxe2 Bc5 15. Be3 Re8 16. Kd2 Kc7 17. Rhe1 g6 18. f3 Kb7 19. Bf4 Rac8 20. Rxe8 Rxe8 21. Re1 Rxe1 22. Kxe1 Bxd4 23. cxd4 Nf8 24. Be3 Kc6 25. Kd2 Ne6 26. Kd3 Nd8 27. Bd2 Ne6 28. g3 Kb5 29. b3 Kc6 30. Bb4 Kb5 31. Be7 Kc6 32. Bf6 Nc7 33. Ke3 Kd7 34. Be5 Ne6 35. Bb8 Kc6 36. Bxa7 Kb5 37. Bb8 Kb4 38. Bd6+ Kc3 39. b4 Kc4 40. Bc5 Kc3 41. a4 Kc4 42. g4 f5 43. gxf5 gxf5 44. f4 h6 45. h3 h5 46. h4 Nd8 47. b5 axb5 48. a5 Nc6 49. a6 Kc3 50. Bb6 b4 51. Ba5 Nxa5 0-1